 Dungeon Crawl Stone Soup version 0.21.1-1-g345015f (webtiles) character file.

216 aronpayne the Skirmisher (level 5, -2/46 HPs)
             Began as a Demonspawn Fighter on May 26, 2018.
             Slain by an ogre
             ... wielding a +0 giant club
              (9 damage)
             ... on level 3 of the Dungeon.
             The game lasted 00:18:30 (2210 turns).

aronpayne the Skirmisher (Demonspawn Fighter)       Turns: 2210, Time: 00:18:30

Health: -2/46      AC: 10    Str: 18    XL:     5   Next: 61%
Magic:  7/7        EV:  7    Int:  9    God:
Gold:   53         SH:  8    Dex: 12    Spells: 5/7 levels left

rFire    . . .     SeeInvis .   a - +0 flail
rCold    . . .     Gourm    +   c - +0 shield
rNeg     . . .     Faith    .   b - +0 scale mail
rPois    .         Spirit   .   r - +0 helmet
rElec    .         Reflect  .   (no cloak)
rCorr    .         Harm     .   (no gloves)
MR       .....                  (no boots)
Stlth    ..........             p - amulet of the gourmand
HPRegen  0.15/turn              m - ring of flight
MPRegen  0.10/turn              (no ring)

@: berserk cooldown, flying, slowed, very slow
A: talons 1, thin metallic scales 2
a: no special abilities


You were on level 3 of the Dungeon.
You were completely stuffed.

You visited 1 branch of the dungeon, and saw 3 of its levels.

You collected 53 gold pieces.

Inventory:

Hand Weapons
 a - a +0 flail (weapon)
Armour
 b - a +0 scale mail (worn)
 c - a +0 shield (worn)
 r - a +0 helmet (worn)
Jewellery
 m - a ring of flight (left hand)
 p - an amulet of the gourmand (around neck)
Wands
 o - a wand of enslavement (12)
Scrolls
 g - 3 scrolls of identify {unknown}
 i - a scroll of fear {unknown}
 j - 3 scrolls of remove curse {unknown}
 k - a scroll of enchant weapon {unknown}
 l - a scroll of random uselessness {unknown}
Potions
 q - a potion of lignification {unknown}
Books
 h - a book of Minor Magic

   Spells                             Type                      Level
   a - Magic Dart                     Conjuration                  1
   b - Blink                          Translocation                2
   c - Call Imp                       Summoning                    2
   d - Slow                           Hexes                        2
   e - Conjure Flame                  Conjuration/Fire             3
   f - Mephitic Cloud                 Conjuration/Poison/Air       3
Comestibles
 d - 2 chunks of flesh
 f - 2 rations


   Skills:
 * Level 5.7 Fighting
 - Level 1.7 Maces & Flails
 - Level 2.6 Armour
 - Level 2.6 Shields
 + Level 1.5 Spellcasting
 + Level 1.5 Translocations


You had 5 spell levels left.
You knew the following spells:

 Your Spells              Type           Power        Failure   Level  Hunger
a - Blink                 Tloc           N/A          99%         2    ###....


Dungeon Overview and Level Annotations

Branches:
Dungeon (3/15)

Altars:


Innate Abilities, Weirdness & Mutations

You have sharp toenails.
You are mostly covered in thin metallic scales. (AC +3)


Message History

You feel your anger nearly subside.
You are too berserk!
You are no longer berserk.
You are exhausted.
You feel yourself slow down.
It was a potion of flight.
You feel very buoyant.
You fly up into the air.
The ogre hits you but does no damage.
Found a stone staircase leading up.
You block the ogre's attack. The ogre hits you but does no damage.
You block the ogre's attack. The ogre hits you with a giant club.
* * * LOW HITPOINT WARNING * * *
The ogre hits you but does no damage. The ogre barely misses you.
The ogre barely misses you. The ogre hits you with a giant club!
You die...

.... #...# #'######## #...#
##...(....# #...# #.......#.#
#...# #.#####.#.# #...# #.# #.#.#
#...# #.# #<#.# #...#
.######.#######.####...##########
...............O@................
#######.#######.#################
#.........# ###########


You could see an ogre.

Vanquished Creatures
  A hound (D:3)
  An orc priest (D:3)
  2 orc wizards (D:3)
  2 adders
  A worm (D:2)
  3 dart slugs
  4 leopard geckos
  2 orcs (D:3)
  6 giant cockroaches
  6 goblins
  6 hobgoblins
  9 jackals
  9 bats
  3 frilled lizards
  5 kobolds
  5 rats
65 creatures vanquished.

Notes
Turn   | Place    | Note
-------+----------+-------------------------------------------
     0 | D:1      | aronpayne the Demonspawn Fighter began the quest for the Orb.
     0 | D:1      | Reached XP level 1. HP: 18/18 MP: 1/1
   183 | D:1      | Gained mutation: You have sharp toenails. [demonic ancestry]
   183 | D:1      | Reached XP level 2. HP: 24/24 MP: 2/2
   513 | D:1      | Reached skill level 4 in Fighting
   847 | D:2      | Reached XP level 3. HP: 20/30 MP: 3/3
  1427 | D:2      | Learned a level 2 spell: Blink
  1574 | D:2      | Gained mutation: You are partially covered in thin metallic scales. (AC +2) [demonic ancestry]
  1574 | D:2      | Reached XP level 4. HP: 38/38 MP: 4/4
  1710 | D:3      | Reached skill level 5 in Fighting
  1799 | D:3      | Reached skill level 1 in Spellcasting
  1799 | D:3      | Reached skill level 1 in Translocations
  1799 | D:3      | Gained mutation: You are mostly covered in thin metallic scales. (AC +3) [demonic ancestry]
  1799 | D:3      | Reached XP level 5. HP: 28/44 MP: 4/6
  2164 | D:3      | Noticed an ogre
  2171 | D:3      | HP: 1/46 [ogre/giant club (21)]
  2210 | D:3      | Slain by an ogre

Skill      XL: |  1  2  3  4 |
---------------+-------------+-----
Fighting       | 4 5 |  5.7
Spellcasting   | 1 |  1.5
Translocations | 1 |  1.5
Maces & Flails | |  1.7
Armour         | |  2.6
Shields        | |  2.6

Action                   |  1- 3 |  4- 6 || total
-------------------------+-------+-------++-------
Melee: Flail             |   144 |    70 ||   214
       Kick              |    32 |    17 ||    49
  Use: Potion            |       |     5 ||     5
  Eat: Chunk             |    15 |     8 ||    23
Armor: Scale mail        |    78 |    34 ||   112
Dodge: Dodged            |    31 |    23 ||    54
Block: Shield            |    75 |    30 ||   105
